AoeStats
← MaderFaker77

Glade

503515899Analyzed
1v1 RM · 1mo ago on Sep 1, 2026· 56m 32s· 2 players
Game mode
Random Map
Map size
Tiny (2 player)
Population
200
Speed
Normal
Resources
Standard
Victory
Conquest
Starting age
Dark Age
Ending age
Imperial Age
RankedLock teamsTeams togetherTeam positionsShared explorationLock speedFull tech treeHidden civsTurbo modeCheats
Victory
Defeat
🇨🇱 Malians · Chile
533
+15
🇨🇱 Franks · Chile
522
-15
MaderFaker77
1:09 Loom
10:44 Feudal Age
11:43 Gold Mining
11:46 Stone Mining
11:45 Double-Bit Axe
12:09 Town Watch
16:36 Wheelbarrow
17:32 Gold Mining
20:58 Castle Age
20:24 Forging
23:23 Bow Saw
23:52 Gold Shaft Mining
25:09 Squires
25:03 Fletching
26:12 Wheelbarrow
26:21 Scale Mail Armor
27:31 Bodkin Arrow
27:53 Chain Mail Armor
31:19 Imperial Age
29:01 Bodkin Arrow
32:47 Hand Cart
33:15 Iron Casting
35:58 Blast Furnace
36:38 Town Patrol
36:53 Scale Barding Armor
39:16 Chemistry
39:46 Conscription
42:48 Ballistics
42:43 Masonry
49:04 Chivalry
48:35 Light Cavalry
49:18 Husbandry
50:27 Elite Throwing Axeman
cK4NonSmurf
8:14 Loom
10:32 Feudal Age
11:16 Double-Bit Axe
15:57 Wheelbarrow
15:07 Town Watch
15:45 Horse Collar
15:56 Gold Mining
21:08 Scale Mail Armor
21:19 Forging
20:56 Arson
23:51 Castle Age
21:53 Stone Mining
24:49 Hand Cart
24:34 Town Patrol
24:46 Bow Saw
24:38 Heavy Plow
25:14 Gold Shaft Mining
25:16 Stone Shaft Mining
25:08 Squires
25:26 Chain Mail Armor
25:46 Iron Casting
34:10 Imperial Age
34:30 Elite Gbeto
35:56 Plate Mail Armor
36:37 Crop Rotation
36:40 Guilds
50:49 Conscription
Connection lost

Rejoining the realm…

Still unreachable

The connection could not be restored.

Session expired

The server has moved on; the page needs a fresh start.